 Dungeon Crawl Stone Soup version 0.28-a0-265-g048bc9fd10 (webtiles) character file.

Game seed: 9828796172521740618

637 SeanNever the Chopper (level 7, -1/57 HPs)
             Began as a Minotaur Gladiator on Aug 27, 2021.
             Was a Believer of Vehumet.
             Slain by an orc priest (4 damage)
             ... on level 4 of the Dungeon.
             The game lasted 00:17:30 (2670 turns).

SeanNever the Chopper (Minotaur Gladiator)          Turns: 2670, Time: 00:17:31

Health: -1/57      AC:  7    Str: 18    XL:     7   Next: 25%
Magic:  5/6        EV: 10    Int:  6    God:    Vehumet [**....]
Gold:   34         SH:  3    Dex: 13    Spells: 4/6 levels left

rFire   . . .      SeeInvis .   a - +0 war axe
rCold   . . .      Faith    +   o - +0 buckler
rNeg    . . .      Spirit   .   h - +0 scale mail
rPois   .          Reflect  .   c - +0 hat
rElec   .          Harm     .   (no cloak)
rCorr   .          Rampage  .   (no gloves)
Will    .....                   (no boots)
Stlth   ..........              n - amulet of faith
HPRegen 0.19/turn               (no ring)
MPRegen 0.10/turn               (no ring)

@: very slightly contaminated
A: horns 2, retaliatory headbutt
a: Renounce Religion


You were on level 4 of the Dungeon.
You worshipped Vehumet.
Vehumet was pleased with you.
You visited 1 branch of the dungeon, and saw 4 of its levels.

You collected 34 gold pieces.

Inventory:

Hand Weapons
 a - a +0 war axe (weapon)
Missiles
 d - 3 throwing nets (quivered)
Armour
 b - a +0 leather armour
 c - a +0 hat (worn)
 h - a +0 scale mail (worn)
 o - a +0 buckler (worn)
Jewellery
 m - an amulet of guardian spirit
 n - an amulet of faith (around neck)
Wands
 i - a wand of paralysis (7)
Scrolls
 e - a scroll of vulnerability {unknown}
 g - a scroll of identify {unknown}
 j - a scroll of blinking {unknown}
 l - 2 scrolls of noise {unknown}
 q - a scroll of enchant weapon {unknown}
Potions
 f - a potion of ambrosia {unknown}
 p - a potion of haste


   Skills:
 + Level 3.6 Fighting
 + Level 6.9 Axes
 + Level 2.2 Throwing
 + Level 5.1 Armour
 + Level 4.5 Dodging
 + Level 0.4 Stealth
 + Level 0.1 Shields
 + Level 0.1 Spellcasting
 + Level 0.1 Conjurations


You had 4 spell levels left.
You knew the following spells:

 Your Spells              Type           Power      Damage    Failure   Level
a - Shock                 Conj/Air       0%         1d3       93%         1
b - Foxfire               Conj/Fire      0%         2x1d4     93%         1

Your spell library contained the following spells:

 Spells                   Type           Power      Damage    Failure   Level
 Conjure Flame            Conj/Fire      0%         6-21      100%        3


Dungeon Overview and Level Annotations

Branches:
Dungeon (4/15)
 Temple: D:4-7

Altars:
Nemelex Xobeh
Sif Muna
Vehumet


Innate Abilities, Weirdness & Mutations

You have a pair of horns on your head.
You reflexively headbutt those who attack you in melee.


Message History

You slash the orc wizard!
You headbutt the orc wizard, but do no damage.
The orc wizard is severely wounded.
The orc wizard barely misses you. You furiously retaliate!
You headbutt the orc wizard. The orc wizard barely misses you.
You completely miss the orc wizard.
The orc wizard is almost dead.
The orc wizard hits you but does no damage.
You hit the orc wizard.
You kill the orc wizard!
Vehumet accepts your kill. The orc barely misses you.
Your Armour skill increases to level 5!
You barely miss the orc.
The orc priest calls down the wrath of Beogh upon you.
Beogh smites you!
* * * LOW HITPOINT WARNING * * *
You block the orc's attack.
You hit the orc but do no damage. You headbutt the orc!
You kill the orc!
Vehumet accepts your kill.
Vehumet offers you knowledge of Conjure Flame.
Casting: Foxfire (safe; 93% risk of failure)
Confirm with . or Enter, or press ? or * to list all spells.
You miscast Foxfire.
You are very lightly contaminated with residual magic.
Nothing appears to happen.
The orc priest hits you with a +0 flail.
* * * LOW HITPOINT WARNING * * *
It was a potion of curing.
You feel better.
The orc priest mumbles some strange prayers to Beogh against you.
Beogh smites you!
* * * LOW HITPOINT WARNING * * *
You closely miss the orc priest. You block the orc priest's attack.
You hit the orc priest.
The orc priest is moderately wounded.
The orc priest hits you with a +0 flail.
* * * LOW HITPOINT WARNING * * *
The orc priest hits you with a +0 flail.
You die...

#### # ## #..# .#
.. ## ## ##.##
#.#### .## .# .#
####.###.....# .#.
# .##. #.###...# .
.##.####...#
#.####.## .##
.#..##..##.#
#......# #.#
##..##.......####.
#...##.## #.# #@#
#...........
..####..###.# ##o#
#<.......... .##
##..##.###.)#
##..#..####. .#
#......##)##
#..###.# . .#
#.#####.....# #.##
#.## #. .# #..#
#.###......#
##.##.. .# #..#
#.# #..###..#
#.#... .##...# ..#
#..# .. ##....#
......# ...#
#.###. #.....#


You could see an orc priest.

Vanquished Creatures
  An ogre (D:2)
  2 necrophages (D:4)
  A phantom (D:4)
  A scorpion (D:4)
  A centaur skeleton (D:4)
  A hound (D:4)
  Jessica (D:3)
  An orc wizard (D:4)
  Robin (D:3)
  4 adders
  An adder skeleton (D:4)
  2 dart slugs (D:1)
  5 orcs (D:4)
  3 ball pythons
  3 endoplasms
  3 giant cockroaches
  9 goblins
  7 hobgoblins
  5 quokkas
  4 bats
  2 frilled lizards
  3 kobolds
  A rat (D:3)
62 creatures vanquished.

Vanquished Creatures (others)
  An orc wizard (D:4)
1 creature vanquished.

Grand Total: 63 creatures vanquished

Notes
Turn   | Place    | Note
-------+----------+-------------------------------------------
     0 | D:1      | SeanNever the Minotaur Gladiator began the quest for the
                  | Orb.
     0 | D:1      | Reached XP level 1. HP: 18/18 MP: 0/0
    18 | D:2      | Reached skill level 4 in Axes
    18 | D:2      | Reached XP level 2. HP: 4/25 MP: 1/1
   187 | D:1      | Found a faded altar of an unknown god.
   220 | D:1      | Became a worshipper of Vehumet
   220 | D:1      | Reached * piety under Vehumet
   220 | D:1      | Offered knowledge of Shock by Vehumet.
   223 | D:1      | Learned a level 1 spell: Shock
   550 | D:1      | Reached XP level 3. HP: 29/30 MP: 2/2
   553 | D:1      | Reached skill level 1 in Armour
  1040 | D:2      | Noticed an ogre
  1052 | D:2      | Killed an ogre
  1053 | D:2      | Reached XP level 4. HP: 13/37 MP: 3/3
  1338 | D:3      | Found a sparkling altar of Nemelex Xobeh.
  1367 | D:3      | Noticed Jessica
  1368 | D:3      | Noticed Robin
  1404 | D:3      | Reached XP level 5. HP: 38/44 MP: 4/4
  1417 | D:3      | Reached skill level 5 in Axes
  1421 | D:3      | Killed Robin
  1435 | D:3      | Found a shimmering blue altar of Sif Muna.
  1439 | D:3      | Offered knowledge of Foxfire by Vehumet.
  1443 | D:3      | Learned a level 1 spell: Foxfire
  1524 | D:3      | Reached ** piety under Vehumet
  1529 | D:3      | Killed Jessica
  1853 | D:4      | Noticed a necrophage
  1869 | D:4      | Killed a necrophage
  1870 | D:4      | Reached XP level 6. HP: 36/51 MP: 5/5
  1959 | D:4      | Reached skill level 6 in Axes
  2462 | D:4      | Reached XP level 7. HP: 44/57 MP: 6/6
  2665 | D:4      | Reached skill level 5 in Armour
  2666 | D:4      | Offered knowledge of Conjure Flame by Vehumet.
  2670 | D:4      | Slain by an orc priest

Illustrated notes

Levels and vault maps discovered:
D:1:      wander_arrival_desolate, layout_loops_corners,
          hellmonk_ecumenical_altar_crossroads
D:2:      layout_basic, serial_glass, glass_columns_b, glass_columns_a,
          minmay_misc_feat_alley, due_unseen_surprise
D:3:      layout_basic, nemelex_xobeh_ov_fountains_minmay, lemuel_doored_altar,
          nicolae_ru_the_path_less_chosen, mainiacjoe_overflow_catwalk,
          led_xom_imps, uniq_ijyb, uniq_jessica, uniq_natasha, uniq_robin
D:4:      layout_layer_cave, minmay_temple_entry_trees

Skill      XL: |  1  2  3  4  5  6  7 |
---------------+----------------------+-----
Axes           | 4 5 6 |  6.9
Armour         | 2 4 5 |  5.1
Dodging        | 4 |  4.5
Fighting       | 3 |  3.6
Throwing       | |  2.2
Stealth        | |  0.4
Shields        | |  0.1
Spellcasting   | |  0.1
Conjurations   | |  0.1

Action                   |  1- 3 |  4- 6 |  7- 9 || total
-------------------------+-------+-------+-------++-------
Melee: War axe           |    38 |    68 |    25 ||   131
       Headbutt          |     7 |    11 |     4 ||    22
 Cast: Shock             |     1 |       |       ||     1
  Use: Potion            |     2 |     3 |     1 ||     6
Armor: Leather armour    |    11 |       |       ||    11
       Scale mail        |    12 |    41 |     6 ||    59
Dodge: Dodged            |    45 |    53 |     9 ||   107
Block: Buckler           |       |     1 |     4 ||     5

Table legend: (Time is in decaauts)
 A = Elapsed time spent in this place.
 B = Non-inter-level travel time spent in this place.
 C = Inter-level travel time spent in this place.
 D = Time resting spent in this place.
 E = Time spent auto-exploring this place.
 F = Levels seen in this place.
 G = Mean time per level.
                   A        B        C        D        E       F      G
               +--------+--------+--------+--------+--------+-----+--------+
         Total |   2698 |   2622 |     76 |      0 |    185 |   4 |  674.5 |
       Dungeon |   2698 |   2622 |     76 |      0 |    185 |   4 |  674.5 |
               +--------+--------+--------+--------+--------+-----+--------+

Top non-repeatable levels by time:
     D:4: 888 daAuts
     D:1: 798 daAuts
     D:2: 541 daAuts
     D:3: 469 daAuts
